[Event "SixDays Budapest GM-B May 2024"]
[Site "Budapest"]
[Date "2024.05.17"]
[Round "2.1"]
[White "Jinan Jomon"]
[Black "Kuru, Atilla"]
[Result "0-1"]
[ECO "A21"]
[WhiteElo "2380"]
[BlackElo "2313"]
[Annotator "TA"]
[PlyCount "118"]
[EventDate "2024.05.15"]
[EventType "tourn"]
[EventCountry "HUN"]
[SourceTitle "playchess.com"]
[Source "ChessBase"]
[SourceQuality "1"]
[TimeControl "40/5400+30:1800+30"]

1. c4 e5 2. Nc3 Bb4 3. Nd5 a5 4. a3 Be7 5. d4 d6 6. Nxe7 $146 {[%emt 0:05:08] A21: English Opening: 1...e5 2 Nc3.} ({Predecessor:} 6. Nf3 e4 7. Nd2 f5 8. Nb1 Nf6 9. Nxe7 Qxe7 10. Bg5 O-O 11. Nc3 Be6 12. e3 {½-½ Zvjaginsev,V (2609)-Demchenko,A (2651) FIDE Grand Swiss 2021 (10)}) 6... Nxe7 7. e4 exd4 8. Qxd4 O-O 9. b3 Re8 10. Bd3 Nbc6 11. Qc3 d5 12. Ne2 dxe4 13. Bxe4 Nf5 14. Bxf5 Bxf5 15. Be3 Ne5 16. O-O Ng4 17. Nd4 Qd6 18. Nf3 Nxe3 19. fxe3 Qd3 20. Qxd3 Bxd3 21. Rfc1 c5 (21... Rxe3 22. Rc3 $16) 22. Kf2 Rad8 23. Rc3 Be4 24. Ke2 f5 25. Ra2 Re6 26. Rb2 Rb6 27. Kf2 Rd1 28. b4 (28. Nd2 $17) 28... axb4 (28... cxb4 $19 29. axb4 Rxb4) 29. axb4 $17 Rxb4 30. Ra2 h6 31. Ne5 (31. Nd2 $17 {might work better.}) 31... Kh7 32. Rca3 Rdb1 33. Kg3 R1b2 34. h4 {[%emt 0:00:29] [#]} g5 $1 (34... Bxg2 35. Nd3 f4+ (35... Rxa2 36. Rxa2 Rxc4 37. Kxg2 $11) 36. Kh2 Rxa2 37. Rxa2 Rxc4 (37... Rb3 38. Nxc5 Rb4 39. Rxg2 $14) 38. Kxg2 $15) 35. Ra5 (35. hxg5 {was necessary.} hxg5 36. Nd7) 35... Kg7 $19 (35... Bxg2 36. Nd3 f4+ 37. exf4 $11) 36. hxg5 hxg5 ({Worse is} 36... Bxg2 37. Nd3 f4+ (37... Rxa2 38. gxh6+ Kxh6 39. Rxa2 $14) 38. Kh2 (38. Kxf4 Rxc4+ 39. Ke5 Rxa2 $11) (38. exf4 R2b3 $11) (38. Nxf4 Rxa2 39. Rxa2 Bc6 $11) 38... Rxa2 39. Rxa2 Rxc4 40. gxh6+ (40. Rxg2 fxe3 41. gxh6+ Kxh6 $11) (40. Kxg2 hxg5 41. exf4 gxf4 $14) 40... Kxh6 41. Kxg2 (41. Rxg2 fxe3 42. Kg3 Rc3 $14) 41... fxe3 42. Kf3 $14) 37. Rxb2 Rxb2 38. Nf3 b6 39. Ra6 (39. Ra7+ $142 Kh6 40. Rf7) 39... Kf6 $19 40. Ra7 Bd3 41. Rc7 Bxc4 42. Rc6+ Be6 43. Rc7 Bd5 44. Rd7 Bxf3 45. Kxf3 c4 46. Rc7 b5 47. Rc6+ Ke5 48. Rc5+ Ke6 49. g4 fxg4+ 50. Kxg4 Kd6 51. Rc8 Rb3 52. e4 Re3 53. Kf5 g4 54. Rb8 g3 55. Kf4 g2 56. Rg8 Re2 57. Rg6+ Kc5 58. e5 c3 59. e6 c2 0-1

[Event "SixDays Budapest GM-B May 2024"]
[Site "Budapest"]
[Date "2024.05.17"]
[Round "2.2"]
[White "Stefansson, Vignir Vatnar"]
[Black "Fodor, Tamas Jr."]
[Result "0-1"]
[ECO "D79"]
[WhiteElo "2463"]
[BlackElo "2486"]
[Annotator "TA"]
[PlyCount "78"]
[EventDate "2024.05.15"]
[EventType "tourn"]
[EventCountry "HUN"]
[SourceTitle "playchess.com"]
[Source "ChessBase"]
[SourceQuality "1"]
[TimeControl "40/5400+30:1800+30"]

1. Nf3 d5 2. d4 Nf6 3. c4 c6 4. g3 g6 5. Bg2 Bg7 6. O-O O-O 7. cxd5 cxd5 8. Nc3 Nc6 9. Ne5 Bf5 10. Nxc6 bxc6 11. Bf4 Nd7 12. Na4 {[%emt 0:05:44] Prevents Qb6} e5 13. dxe5 Nxe5 14. Rc1 {[%emt 0:00:26] The position is equal.} Rc8 15. Be3 Qd7 16. Nc5 Qe7 17. Bd4 ({White should try} 17. b3 $14) 17... Rfe8 (17... Nd3 $1 $11 18. Nxd3 Bxd4) 18. b3 h5 (18... Nd3 $5 19. Nxd3 Bxd4 $15) 19. Qd2 h4 (19... Nd3 $5 20. Nxd3 Bxd4 $15) 20. Qc3 h3 21. Bh1 Bh6 22. Rce1 {[%emt 0:01:52] Threatens to win with e4.} Rcd8 23. Rd1 Nd7 24. Rfe1 Nxc5 25. Bxc5 Qb7 26. Bf3 (26. Qa5 {simplifies} Ra8 27. e3 Be4 28. Bxe4 Rxe4 29. f3) 26... Qa6 27. a3 (27. Bd4 {simplifies} Bf8 28. g4 Be4 29. Bxe4 Rxe4 30. Qxh3 Bg7 31. Bxg7 Kxg7 32. Qc3+) 27... Be4 (27... Bg7 $11 28. Bd4 Bxd4 29. Rxd4 Qxa3) 28. Bxe4 $16 Rxe4 29. Qf6 Rde8 30. Bd4 Rxd4 31. Qxd4 (31. Rxd4 $2 {perishes.} Bg7 32. Ra4 Qxa4 $19) 31... Rxe2 (31... Bg7 $16 32. Qg4 Bc3) 32. Qh4 $2 (32. Qg4 $18 Rxe1+ 33. Rxe1) 32... Bd2 $40 {[%emt 0:05:28][%mdl 128] Black attacks.} 33. Rf1 Qc8 {[%emt 0:03:57] Strongly threatening ...c5.} 34. Qf6 (34. b4 $5) 34... Qg4 {[%emt 0:06:05] ( -> ...Qe4)} 35. Qxc6 $2 {[%emt 0:01:05][%mdl 8192] [#] White does not recover from this.} ({Better is} 35. Qd8+ $15 Kg7 36. Qh4 Qxh4 37. gxh4) 35... Qf5 $1 $19 36. Qc5 Kh7 37. Qd4 $2 {[%emt 0:01:14] [#] Wards off Qf3} (37. Rxd2 $19 Rxd2 38. Qe7) 37... g5 $1 {[%emt 0:00:04] Black mates.} 38. Rxd2 Rxd2 39. Qe3 d4 {[%emt 0:00:40] Weighted Error Value: White=0.51/Black=0.16 (very precise) .  Loses game:     	White=1     	---        Missed win:     	White=1     	---        Mistake:       	White=2     	Black=3      Inaccurate:     	White=4     	Black=2      OK:         	White=4     	Black=8      Best:        	White=3     	Black=4      Strong:       	---       	Black=2} 0-1

[Event "SixDays Budapest GM-B May 2024"]
[Site "Budapest"]
[Date "2024.05.17"]
[Round "2.3"]
[White "Palczert, Matyas"]
[Black "Lu, Maximillian"]
[Result "0-1"]
[ECO "B90"]
[WhiteElo "2333"]
[BlackElo "2373"]
[Annotator "RC"]
[PlyCount "90"]
[EventDate "2024.05.15"]
[EventType "tourn"]
[EventCountry "HUN"]
[SourceTitle "playchess.com"]
[Source "ChessBase"]
[SourceQuality "1"]
[TimeControl "40/5400+30:1800+30"]

1. e4 c5 2. Nf3 d6 3. d4 cxd4 4. Nxd4 Nf6 5. Nc3 a6 6. h3 e5 7. Nf3 h6 8. g4 b5 9. g5 hxg5 10. Nxg5 Bb7 11. Be3 Nbd7 12. a4 b4 13. Nd5 Nxd5 14. exd5 Nf6 15. Bg2 Qa5 16. O-O Be7 17. Ne4 Nxd5 18. Qg4 g6 19. Rad1 Rd8 20. Qg3 Rh5 21. Qf3 Rf5 22. Qe2 Nxe3 23. fxe3 Rxf1+ 24. Rxf1 Bxe4 25. Bxe4 d5 26. Bd3 Rd6 27. e4 dxe4 28. Qxe4 Qc5+ 29. Kg2 f5 30. Qa8+ Kf7 31. b3 Qc6+ 32. Qxc6 Rxc6 33. Bc4+ Kf6 34. Rd1 e4 35. Rd5 Rd6 36. Rxd6+ Bxd6 37. Bxa6 f4 38. Bc8 Kg5 39. Kf2 Bc5+ 40. Ke1 f3 41. Ba6 Bb6 42. Bb5 Kf4 43. Bc6 e3 44. Bb5 g5 45. Bc4 Kg3 0-1

[Event "SixDays Budapest GM-B May 2024"]
[Site "Budapest"]
[Date "2024.05.17"]
[Round "2.4"]
[White "Krishnan, Ritvik"]
[Black "Horvath, Adam"]
[Result "0-1"]
[ECO "B32"]
[WhiteElo "2298"]
[BlackElo "2448"]
[Annotator "TA"]
[PlyCount "110"]
[EventDate "2024.05.15"]
[EventType "tourn"]
[EventCountry "HUN"]
[SourceTitle "playchess.com"]
[Source "ChessBase"]
[SourceQuality "1"]
[TimeControl "40/5400+30:1800+30"]

1. e4 c5 2. Nf3 Nc6 3. d4 cxd4 4. Nxd4 Qb6 5. Nb3 Nf6 6. Nc3 e6 7. Bd3 Qc7 8. O-O {[%emt 0:01:08] The main line 8.0-0 scores better than 8.f4.} a6 9. f4 d6 {[%emt 0:00:04] B33: Sicilian: Pelikan and Sveshnikov Variations.} 10. Kh1 b5 11. a3 Bb7 12. Be3 Be7 13. Qf3 O-O 14. Rae1 b4 15. axb4 Nxb4 16. Qh3 Rab8 17. Nd4 Nxd3 18. cxd3 Ba8 19. Re2 Rfe8 $146 ({Predecessor:} 19... Qd7 20. Nf3 Rb3 21. f5 exf5 22. Nd4 Rbb8 23. Nxf5 Rfe8 24. Bd4 Qe6 25. Re3 Bd8 26. Rg3 g6 27. Qh6 Nh5 28. Qxh5 {1-0 Munguntuul,B (2430)-Cramling,P (2461) Wch Blitz (Women) 2019 (6)}) 20. Rc2 Qd7 21. f5 (21. Ra1 $11) 21... e5 $15 22. Nf3 Bd8 23. Bg5 h6 ({Black should try} 23... d5 $15 24. Bxf6 Bxf6 25. exd5 Bxd5) 24. Bxf6 Bxf6 25. Nd2 (25. g4 $11 {should be considered.}) 25... Bg5 26. Qf3 Bxd2 27. Rxd2 Rb4 (27... d5 $15) 28. f6 $11 g6 29. Qe3 Kh7 30. Rf3 Qg4 31. Rdf2 Qg5 32. Qe1 h5 33. Rg3 Qh6 $1 34. h4 Reb8 35. Qa1 d5 36. Rg5 (36. Qe1 $11) 36... dxe4 $17 37. Qa2 {[%emt 0:00:22] [#]} Kg8 $1 ({Reject} 37... exd3 $6 38. Qxf7+ (38. Rxe5 {leads to mate.} Rxh4+ 39. Kg1 Qc1+) 38... Kh8 39. Rxg6 (39. Qxg6 Rxh4+ 40. Kg1 Qxg6 $11) 39... Rxh4+ 40. Kg1 Qc1+ 41. Nd1 Qxd1+ 42. Rf1 $11) 38. dxe4 Bxe4 39. Nxe4 Rxe4 40. g3 {[%emt 0:00:06] [#]} Rg4 $1 41. Rxg4 Qc1+ 42. Kg2 (42. Kh2 $17 hxg4 43. b4) 42... Qc6+ $19 ({Don't play} 42... hxg4 43. Qa4 $17) 43. Kh2 hxg4 44. Qb1 (44. Qa5 $142) 44... e4 $19 45. Qe1 $2 (45. Qc2 Qb6 46. Re2) 45... Rb3 $19 46. Qd1 Rf3 47. Re2 (47. Qd4 $142) 47... e3 48. Qd8+ Kh7 49. Qe7 Qc4 (49... Rxf6 50. Qxe3 Rf3 51. Qe4 $17) (49... Qd5 $142 50. Rg2 Rf2 51. Rxf2 exf2) 50. Rg2 $19 Qd5 51. Kg1 Rf1+ 52. Kh2 Rf2 53. Rxf2 exf2 54. Qe2 Qd2 55. Qf1 Qxb2 0-1

[Event "SixDays Budapest GM-B May 2024"]
[Site "Budapest"]
[Date "2024.05.17"]
[Round "2.5"]
[White "Lamard, Guillaume"]
[Black "Borgaonkar Akshay"]
[Result "1/2-1/2"]
[ECO "D78"]
[WhiteElo "2504"]
[BlackElo "2374"]
[Annotator "TA"]
[PlyCount "84"]
[EventDate "2024.05.15"]
[EventType "tourn"]
[EventCountry "HUN"]
[SourceTitle "playchess.com"]
[Source "ChessBase"]
[SourceQuality "1"]
[TimeControl "40/5400+30:1800+30"]

1. d4 d5 2. c4 c6 3. Nf3 Nf6 4. g3 g6 5. Bg2 Bg7 6. O-O O-O 7. Ne5 Be6 8. cxd5 Bxd5 9. Bh3 c5 10. dxc5 Ne4 {[%emt 0:22:39][%csl LRc5,LRe5] Prevents Nc3} 11. Nd3 Na6 12. Qc2 e6 13. Nf4 Nexc5 14. Nxd5 Qxd5 15. Be3 Rac8 16. Nc3 Qh5 {[%emt 0:01:43] [#] ...Nb4 is the strong threat.} 17. Bg2 Nb4 18. Qb1 Nd5 19. Nxd5 exd5 20. Qd1 Bxb2 21. Rb1 Bf6 22. Bf3 {[%emt 0:04:33] A strong pair of Bishops.} (22. Bxd5 $2 {perishes.} Rfd8 23. Bxf7+ Kxf7 $19) 22... Qf5 23. Bxc5 (23. Bxd5 $2 {too greedy.} Rfd8 24. Bxf7+ Kxf7 $19) 23... Rxc5 24. Rxb7 a5 25. Kg2 h5 26. h4 Rd8 27. Qa4 d4 28. Qb3 Rd7 29. Rb1 Rxb7 30. Qxb7 Kg7 31. Rb6 (31. Qe4 {simplifies} Qxe4 32. Bxe4 Be5 33. Rb7) 31... Re5 32. Rd6 Re7 {[%emt 0:02:16] Inhibits Rd7.} 33. Qb3 ({White should try} 33. Qa8 $14) 33... Re6 {[%emt 0:01:22] The position is equal.} 34. Rd5 Re5 35. Qb7 Rxd5 36. Bxd5 $11 {[%emt 0:00:04][%mdl 4096] Endgame. KQB-KQB} Be7 37. Be4 Qe6 38. a4 Bf6 39. Bd3 Qe7 40. Qd5 Qd8 41. Qc5 Be7 42. Qb5 Qc7 {[%emt 0:00:42] Weighted Error Value: White=0.07 (flawless) /Black=0.08 (flawless) .  Mistake:       	White=1     	---        Inaccurate:     	---       	Black=3      OK:         	White=14    	Black=11     Best:        	White=1     	---} 1/2-1/2